 Dungeon Crawl Stone Soup version 0.31.0-1-g2c135a0 (webtiles) character file.

Game seed: 2588766733658693433

117775 malcoda the Severer (level 16, -11/154 HPs)
             Began as a Naga Berserker on Feb 28, 2024.
             Was a High Priest of Trog.
             Mangled by an Ice Fiend (17 damage)
             ... in an ice cave on Feb 29, 2024.
             The game lasted 03:23:56 (24894 turns).

malcoda the Severer (Naga Berserker)               Turns: 24894, Time: 03:23:56

Health: -11/154    AC: 27    Str: 29    XL:     16   Next: 75%
Magic:  16/16      EV:  6    Int: 12    God:    Trog [*****.]
Gold:   868        SH:  6    Dex: 14    Spells: 15/15 levels left

rFire   + + .        W - +11 hand axe of the Fox {flame, *Noise rF++ Dex+3}
rCold   + + .        t - +0 buckler
rNeg    + + .        P - +8 chain mail of Grot {rC+ Will- Str+3}
rPois   +            H - +1 helmet of Unambiguity {*Corrode rElec rC+ Slay+3}
rElec   +            J - +2 cloak {Will+}
rCorr   .            r - +0 pair of gloves {hurl}
SInv    +            I - +0 barding of Wu Jian's Displeasure {rN++ Int-3 Stlth+}
Will    +++..        j - amulet of the acrobat
Stlth   +            z - +6 ring of strength
HPRegen 0.45/turn    V - ring of willpower
MPRegen 0.15/turn

%: corrode self (3%), acrobat
@: corroded, attractive, very slow
A: AC +5, large, see invisible, deformed body, poison resistance, slowness 2,
spit poison 1, naga tail 2
a: Spit Poison, Renounce Religion, Berserk, Trog's Hand, Brothers in Arms


You were in an ice cave.
You worshipped Trog.
Trog was extremely pleased with you.
You visited 6 branches of the dungeon, and saw 21 of its levels.
You also visited: Bailey, Gauntlet and Ice Cave.

You collected 2688 gold pieces.
You spent 1820 gold pieces at shops.

Inventory:

Hand Weapons
 w - a +5 war axe of freezing
 W - the +11 hand axe of the Fox (weapon) {flame, *Noise rF++ Dex+3}
   (Trog gifted it to you on level 11 of the Dungeon)

   Dex+3:     It affects your dexterity (+3).
   rF++:      It greatly protects you from fire.
   *Noise:    It may make a loud noise when swung.
Missiles
 e - 15 javelins
 q - 86 poisoned darts (quivered)
 E - 19 atropa-tipped darts
 S - 8 curare-tipped darts
Armour
 a - the orb of Experimentation {light, Int+5}
   (You found it on level 10 of the Dungeon)

   Int+5:     It affects your intelligence (+5).
 r - a +0 pair of gloves of hurling (worn)
 t - a +0 buckler (worn)
 H - the +1 helmet of Unambiguity (worn) {*Corrode rElec rC+ Slay+3}
   (You bought it in a shop on level 2 of the Dungeon)

   Slay+3:    It affects your accuracy & damage with ranged weapons and melee
   (+3).
   rC+:       It protects you from cold.
   rElec:     It insulates you from electricity.
   *Corrode:  It may corrode you when you take damage.
 I - the +0 barding of Wu Jian's Displeasure (worn) {rN++ Int-3 Stlth+}
   (You acquired it on level 9 of the Dungeon)

   Int-3:     It affects your intelligence (-3).
   rN++:      It greatly protects you from negative energy.
   Stlth+:    It makes you more stealthy.
 J - a +2 cloak of willpower (worn)
 P - the +8 chain mail of Grot (worn) {rC+ Will- Str+3}
   (You took it off an orc warrior on level 7 of the Dungeon)

   Str+3:     It affects your strength (+3).
   rC+:       It protects you from cold.
   Will-:     It decreases your willpower.
Jewellery
 j - an amulet of the acrobat (around neck)
 p - a ring of ice
 z - a +6 ring of strength (left hand)
 L - a ring of fire
 Q - a ring of protection from fire
 U - a ring of flight
 V - a ring of willpower (right hand)
 Y - the ring "Gibrim" {^Contam +Blink rN++ Will+ SInv}
   (You found it in a Gauntlet)

   [ring of willpower]

   rN++:      It greatly protects you from negative energy.
   Will+:     It increases your willpower.
   SInv:      It lets you see invisible.
   +Blink:    It lets you blink.
   ^Contam:   It causes magical contamination when unequipped.
Wands
 i - a wand of mindburst (5)
 B - a wand of charming (19)
 C - a wand of iceblast (4)
 F - a wand of polymorph (8)
 T - a wand of flame (63)
Scrolls
 b - 4 scrolls of revelation
 d - 5 scrolls of blinking
 k - a scroll of fog {unknown}
 m - 6 scrolls of teleportation
 s - 3 scrolls of immolation
 N - 2 scrolls of fear
Potions
 c - 6 potions of heal wounds
 f - 3 potions of cancellation
 g - 4 potions of resistance
 h - a potion of berserk rage {unknown}
 l - a potion of attraction
 n - a potion of invisibility {unknown}
 o - 2 potions of magic {unknown}
 u - 4 potions of might
 A - 7 potions of curing
 K - 3 potions of mutation {unknown}
 X - a potion of brilliance {unknown}
Miscellaneous
 G - a phantom mirror


   Skills:
 * Level 12.5 Fighting
 * Level 17.3 Axes
 * Level 8.2 Throwing
 * Level 11.3 Armour
 * Level 3.3 Dodging
 + Level 3.4 Stealth
 * Level 8.3 Shields
 * Level 9.4 Evocations
 * Level 4.5 Shapeshifting


You had 15 spell levels left.
You didn't know any spells.
Your spell library contained the following spells:

 Spells                   Type           Power      Damage    Failure   Level
 Ensorcelled Hibernation  Hex/Ice        0%         N/A       88%         2
 Fugue of the Fallen      Necr           0%         N/A       98%         3
 Passwall                 Erth           0%         N/A       98%         3
 Summon Ice Beast         Ice/Summ       0%         N/A       98%         3
 Swiftness                Air            0%         N/A       98%         3
 Tukima's Dance           Hex            0%         N/A       98%         3
 Volatile Blastmotes      Fire/Tloc      0%         2d10      98%         3
 Anguish                  Hex/Necr       0%         N/A       100%        4
 Brom's Barrelling Bould  Conj/Erth      0%         2d3       100%        4
 Dimensional Bullseye     Hex/Tloc       0%         N/A       100%        4
 Fulminant Prism          Conj/Alch      0%         3d5       100%        4
 Iskenderun's Mystic Bla  Conj/Tloc      0%         2d3       100%        4
 Martyr's Knell           Necr/Summ      0%         N/A       100%        4
 Fireball                 Conj/Fire      0%         3d3       100%        5
 Iskenderun's Battlesphe  Conj           0%         2d6       100%        5
 Conjure Ball Lightning   Conj/Air       0%         3x3d6     100%        6
 Orb of Destruction       Conj           0%         9d5       100%        7
 Chain Lightning          Conj/Air       0%         N/A       100%        9


Dungeon Overview and Level Annotations

Branches:
Dungeon (11/15)            Temple (1/1) D:5            Lair (5/5) D:11
 Shoals (1/4) Lair:3        Snake (0/4) Lair:3        Slime (0/5) Lair:5
    Orc (2/2) D:10            Elf (1/3) Orc:2        Bailey (visited)
  IceCv (1/1)             Gauntlet (visited)

Altars:
Ashenzari
Cheibriados
Dithmenos
Elyvilon
Fedhas
Gozag
Hepliaklqana
Kikubaaqudgha
Makhleb
Nemelex Xobeh
Okawaru
Qazlal
Ru
Sif Muna
Trog
Uskayaw
Vehumet
Wu Jian
Xom
Yredelemnul
Zin
The Shining One

Shops:
D:1 (?   D:2 ***=   D:5 !   D:7 *   Orc:2 (***   Elf:1 [

Annotations:
D:10 2 transporters


Innate Abilities, Weirdness & Mutations

Your serpentine skin is tough. (AC +5)
You have supernaturally acute eyesight. (SInv)
Armour fits poorly on your strangely shaped body.
Your system is resistant to poisons. (rPois)
You cover ground very slowly.
You can spit poison.
You can use your snake-like lower body to constrict enemies.


Message History

You are engulfed in freezing vapours.
You resist.
You constrict the Ice Fiend, but do no damage.
The Ice Fiend claws you! The Ice Fiend freezes you! You resist.
Your corrosive artefact corrodes you!
The Ice Fiend claws you. The Ice Fiend freezes you! You resist.
* * * LOW HITPOINT WARNING * * *
Your corrosive artefact corrodes you!
The golden dragon simulacrum bites you but does no damage.
The golden dragon simulacrum claws you but does no damage.
The golden dragon simulacrum tramples you but does no damage.
A seven-headed hydra simulacrum comes into view.
The seven-headed hydra simulacrum is attracted toward you.
Your ogre goes berserk!
You are engulfed in freezing vapours.
You resist.
You constrict the Ice Fiend.
The Ice Fiend claws you but does no damage.
The Ice Fiend claws you.
* * * LOW HITPOINT WARNING * * *
The Ice Fiend freezes you! You resist.
* * * LOW HITPOINT WARNING * * *
The golden dragon simulacrum bites you but does no damage.
The golden dragon simulacrum claws you but does no damage.
The golden dragon simulacrum closely misses you.
You slash the Ice Fiend! You burn the Ice Fiend!
The Ice Fiend is severely wounded.
You completely miss the golden dragon simulacrum.
You are engulfed in freezing vapours.
You resist.
* * * LOW HITPOINT WARNING * * *
You constrict the Ice Fiend.
The seven-headed hydra simulacrum bites your ogre!
The seven-headed hydra simulacrum freezes your ogre!
The seven-headed hydra simulacrum completely misses your ogre.
The seven-headed hydra simulacrum barely misses your ogre.
The seven-headed hydra simulacrum bites your ogre.
The seven-headed hydra simulacrum freezes your ogre!!!
Your ogre dies!
Your ogre's corpse disappears in a puff of smoke!
The Ice Fiend claws you!
* * * LOW HITPOINT WARNING * * *
The Ice Fiend freezes you! You resist.
You die...

.#..# .#..# #§ ## #
....# ##.# ○ #.#.##
#...# #..#○ § ..#.$
##..# #..°§§#§ ....
.#.##
#.○.#☼○☼####..#
...##
#☼§.#..§Z☼☼...#
....# #.#.# ☼°#Z°1.#
....###...###..#@..#
#..[##§.....##.#.○##
#.)##.§#.....#.#..#
####..###.......###
###...# #........#
..#..## ##.......#
....## #......##
#..## ##.....# ####
##...##


You could see an Ice Fiend, a seven-headed hydra simulacrum and a golden dragon
simulacrum.

Vanquished Creatures
  Gastronok (Lair:3)
  2 deep elf sorcerers (Elf:1)
  An orc warlord (Orc:2)
  Nessos (Lair:4)
  A deep elf death mage (Elf:1)
  A minotaur (Gauntlet)
  2 dire elephants (Lair:5)
  The ghost of ozjimbob the Severer, a journeyman HOFi of Beogh (Lair:1)
  A merfolk impaler (Shoals:1)
  An ettin (Orc:1)
  The ghost of TobyRickard the Basher, a journeyman MiBe of Trog (D:11)
  3 hydras
  A caustic shrike simulacrum (IceCv)
  The ghost of Agrajag the Prestidigitator, a journeyman GnAr of Qazlal (D:7)
  A hell hog (Gauntlet)
  6 dancing weapons
  Erica (D:8)
  2 boulder beetles
  8 death yaks
  A death scarab (Gauntlet)
  5 orc high priests
  3 two-headed ogres
  Amaemon (Lair:3)
  Sonja (Lair:5)
  Nergalle (Lair:2)
  7 deep elf knights (Elf:1)
  A fire crab (Lair:3)
  2 skysharks
  4 spectral death yaks (Lair:5)
  A spectral anaconda (Lair:5)
  8 orc knights
  2 obsidian statues
  A bog body (IceCv)
  3 necromancers (Lair:5)
  4 spriggan simulacra (IceCv)
  8 deep elf archers (Elf:1)
  14 deep elf pyromancers
  4 orc sorcerers
  13 deep elf zephyrmancers (Elf:1)
  Maurice (Orc:2)
  An ugly thing (D:11)
  A cyclops (Orc:2)
  A manticore (Shoals:1)
  19 elephants
  6 kobold blastminers
  2 merfolk sirens (Lair:3)
  A water nymph (Shoals:1)
  A dire elephant zombie (Lair:5)
  2 black mambas
  An orange demon (Lair:3)
  14 cane toads
  A torpor snail (Lair:5)
  An unseen horror (D:11)
  A dire elephant skeleton (Lair:5)
  4 rime drakes
  Jeremiah (D:8)
  9 komodo dragons
  9 freezing wraiths
  An ice devil (IceCv)
  An efreet (D:10)
  2 anaconda simulacra (IceCv)
  2 merfolk (Shoals:1)
  6 trolls
  A hornet (D:10)
  A polar bear (Lair:4)
  Prince Ribbit (D:7)
  A wind drake (Shoals:1)
  3 dream sheep (Lair:4)
  10 blink frogs
  A snapping turtle (Shoals:1)
  7 shadows
  2 wyverns
  38 yaks
  2 fire bats (Gauntlet)
  4 centaur simulacra (D:11)
  A spectral komodo dragon (Gauntlet)
  2 basilisks
  2 steam dragons
  3 vampire mosquitoes
  7 wargs
  5 minotaur simulacra (IceCv)
  A harpy simulacrum (IceCv)
  Edmund (D:6)
  17 water moccasins
  A hydra simulacrum (IceCv)
  A hell hound (Gauntlet)
  48 orc warriors
  3 black bears
  6 ice beasts
  4 elephant zombies (Lair:5)
  17 ogres
  4 centaurs
  An elephant skeleton (Lair:5)
  10 kobold brigands
  20 bullfrogs
  3 deep troll simulacra (IceCv)
  2 cane toad simulacra (Lair:5)
  4 scorpions
  An earth elemental (Elf:1)
  13 wights
  An elephant simulacrum (Lair:5)
  12 killer bees
  A lindwurm simulacrum (IceCv)
  A howler monkey (D:10)
  3 electric eels
  A bombardier beetle (D:7)
  2 hounds
  28 orc priests
  7 jellies
  2 gnoll boudas
  An iguana (D:5)
  A sleepcap (D:5)
  15 orc wizards
  6 gnolls
  4 adders
  4 white imps
  4 ufetubi
  6 dart slugs
  5 ribbon worms
  96 orcs
  3 endoplasms (D:1)
  2 giant cockroaches
  5 goblins
  7 hobgoblins
  7 jackals
  35 kobolds
  8 quokkas
  4 ball pythons
  7 bats
  2 frilled lizards (D:2)
  A butterfly (Lair:2)
737 creatures vanquished.

Vanquished Creatures (collateral kills)
  A catoblepas (Lair:5)
  A deep elf pyromancer (Elf:1)
  A cane toad (Lair:5)
  An orc priest (Orc:2)
4 creatures vanquished.

Vanquished Creatures (others)
  A two-headed ogre (D:10)
  A yak (D:10)
  A kobold brigand (D:10)
  A howler monkey (D:10)
  3 orc wizards
7 creatures vanquished.

Grand Total: 748 creatures vanquished

Notes
Turn   | Place    | Note
-------+----------+-------------------------------------------
     0 | D:1      | malcoda the Naga Berserker began the quest for the Orb.
     0 | D:1      | Reached XP level 1. HP: 21/21 MP: 1/1
   231 | D:1      | Reached XP level 2. HP: 28/28 MP: 2/2
   533 | D:1      | Found Suintut's Magic Scroll Emporium.
   541 | D:1      | Bought a scroll of identify for 20 gold pieces
   785 | D:1      | Found a faded altar of an unknown god.
   974 | D:1      | Found Govuascha's Antique Weapon Emporium.
   979 | D:1      | Reached XP level 3. HP: 34/34 MP: 3/3
  1284 | D:2      | Reached ** piety under Trog
  1443 | D:2      | Found Pozoniun's General Store.
  1497 | D:2      | Found Iffolem's General Store.
  1559 | D:2      | Identified the +8 sling of Growth {freeze, Str+2}
  1631 | D:2      | Found Niysy's Jewellery Emporium.
  1772 | D:2      | Found Lukon's Assorted Antiques.
  1921 | D:3      | Reached XP level 4. HP: 32/43 MP: 4/4
  1993 | D:3      | Reached skill level 4 in Axes
  2150 | D:3      | Reached skill level 1 in Throwing
  2240 | D:3      | Reached XP level 5. HP: 50/50 MP: 5/5
  2346 | D:1      | Bought a runed war axe for 104 gold pieces
  2743 | D:4      | Noticed a centaur
  2751 | D:4      | Killed a centaur
  2752 | D:4      | Reached skill level 1 in Shields
  2752 | D:4      | Reached XP level 6. HP: 50/57 MP: 6/6
  2811 | D:4      | Found a basalt altar of Yredelemnul.
  2890 | D:4      | Reached skill level 5 in Axes
  3086 | D:5      | Entered Level 5 of the Dungeon
  3118 | D:5      | Reached XP level 7. HP: 61/64 MP: 7/7
  3250 | D:5      | Reached *** piety under Trog
  3305 | D:5      | Found a staircase to the Ecumenical Temple.
  3334 | Temple   | Entered the Ecumenical Temple
  3421 | D:5      | Found Maku's Distillery.
  3428 | D:5      | Bought a potion of degeneration for 13 gold pieces
  3597 | D:5      | Found a stormy altar of Qazlal.
  3833 | D:6      | Reached skill level 6 in Axes
  3902 | D:6      | Reached XP level 8. HP: 65/73 MP: 8/8
  4019 | D:6      | Reached skill level 1 in Evocations
  4140 | D:6      | Noticed Edmund
  4159 | D:6      | Killed Edmund
  4294 | D:6      | Reached skill level 5 in Fighting
  4294 | D:6      | Reached skill level 7 in Axes
  4943 | D:2      | Bought a shiny chain mail for 157 gold pieces
  5314 | D:7      | Noticed Prince Ribbit
  5322 | D:7      | Killed Prince Ribbit
  5323 | D:7      | Reached XP level 9. HP: 72/81 MP: 9/9
  5348 | D:7      | Found a flagged portal.
  5358 | D:7      | Reached skill level 8 in Axes
  5361 | Bailey   | Entered a bailey
  5780 | Bailey   | Found a bloodstained altar of Trog.
  5963 | D:1      | Bought 2 scrolls of identify for 40 gold pieces
  5963 | D:1      | Bought a scroll of identify for 20 gold pieces
  5963 | D:1      | Bought a scroll of identify for 20 gold pieces
  5963 | D:1      | Bought a scroll of blinking for 75 gold pieces
  5963 | D:1      | Bought a scroll of enchant weapon for 75 gold pieces
  6022 | D:2      | Bought a scroll of revelation for 157 gold pieces
  6022 | D:2      | Bought a scroll labelled MAEMIAHIUL for 21 gold pieces
  6022 | D:2      | Bought 2 glowing emerald potions for 37 gold pieces
  6022 | D:2      | Bought a scroll labelled DIQIST WOWK for 21 gold pieces
  6022 | D:2      | Bought a fizzy silvery potion for 18 gold pieces
  6022 | D:2      | Bought a ruby potion for 18 gold pieces
  6069 | D:2      | Bought a potion of enlightenment for 60 gold pieces
  6069 | D:2      | Bought a scroll of revelation for 90 gold pieces
  6069 | D:2      | Bought a scroll of identify for 24 gold pieces
  6069 | D:2      | Bought a scroll of fear for 48 gold pieces
  6207 | D:7      | Reached skill level 5 in Armour
  6332 | D:7      | Found Usmeraff's Neck Hole.
  6528 | D:7      | Reached **** piety under Trog
  6549 | D:7      | Found a radiant altar of Vehumet.
  6549 | D:7      | Found an iron altar of Okawaru.
  6738 | D:7      | You fall into a shaft and drop 1 floor!
  6755 | D:8      | Reached skill level 9 in Axes
  7251 | D:7      | Found a runed translucent gate.
  7251 | D:7      | Found a runed translucent gate.
  7251 | D:7      | Found a runed translucent gate.
  7253 | D:7      | Identified the +8 chain mail of Grot {rC+ Will- Str+3}
  7254 | D:7      | Noticed Agrajag's ghost (journeyman GnAr)
  7379 | D:7      | Reached XP level 10. HP: 57/91 MP: 10/10
  7632 | D:7      | Killed Agrajag's ghost
  7815 | D:8      | Noticed Jeremiah
  7837 | D:8      | Killed Jeremiah
  7846 | D:8      | Reached skill level 10 in Axes
  7957 | D:8      | Noticed Erica
  8129 | D:8      | Killed Erica
  8212 | D:8      | Found a sacrificial altar of Ru.
  8213 | D:8      | Found a white marble altar of Elyvilon.
  8539 | D:9      | Identified a scroll of acquirement
  8540 | D:9      | Acquired the +0 barding of Wu Jian's Displeasure {rN++
                  | Int-3 Stlth+}
  9027 | D:9      | Reached XP level 11. HP: 92/99 MP: 11/11
  9115 | D:10     | Entered Level 10 of the Dungeon
  9139 | D:10     | Killed a two-headed ogre
  9193 | D:10     | Reached skill level 11 in Axes
  9218 | D:10     | Found a shimmering altar of Xom.
  9302 | D:10     | Reached skill level 5 in Evocations
  9481 | D:10     | Found a staircase to the Orcish Mines.
  9535 | D:10     | Found a broken altar of Ashenzari.
  9613 | D:10     | Found a transporter.
  9615 | D:10     | Noticed a manticore
  9616 | D:10     | Noticed an orc knight
  9616 | D:10     | Noticed a deep elf pyromancer
  9618 | D:10     | Noticed a deep elf archer
  9619 | D:10     | Noticed a deep troll
  9627 | D:10     | Found a transporter.
  9656 | D:10     | Identified the orb of Experimentation {light, Int+5}
 10164 | Orc:1    | Entered Level 1 of the Orcish Mines
 10170 | Orc:1    | Reached ***** piety under Trog
 10318 | Orc:1    | Noticed an orc knight
 10526 | D:10     | Killed an orc knight
 10677 | Orc:1    | Noticed an orc high priest
 10959 | Orc:1    | Killed an orc high priest
 10960 | Orc:1    | Reached skill level 12 in Axes
 11205 | Orc:2    | Entered Level 2 of the Orcish Mines
 11370 | Orc:2    | Received a gift from Trog
 11392 | Orc:2    | Noticed a two-headed ogre
 11401 | Orc:2    | Killed a two-headed ogre
 11402 | Orc:2    | Reached skill level 5 in Throwing
 11415 | Orc:2    | Noticed a two-headed ogre
 11421 | Orc:2    | Killed a two-headed ogre
 11422 | Orc:2    | Reached XP level 12. HP: 100/109 MP: 12/12
 11600 | Orc:1    | Noticed an ettin
 11609 | Orc:1    | Killed an ettin
 11610 | Orc:1    | Reached skill level 1 in Stealth
 12158 | Orc:2    | Reached skill level 13 in Axes
 12452 | Orc:2    | Noticed an orc warlord
 12491 | Orc:2    | Killed an orc warlord
 12492 | Orc:2    | Reached skill level 5 in Shields
 12725 | Orc:2    | Noticed an orc high priest
 12734 | Orc:2    | Killed an orc high priest
 12801 | Orc:2    | Noticed Maurice
 12821 | Orc:2    | Killed Maurice
 12842 | Orc:2    | Noticed an orc high priest
 12861 | Orc:2    | Killed an orc high priest
 12878 | Orc:2    | Noticed an orc high priest
 13019 | Orc:2    | Found Are Kius's Antique Weapon Emporium.
 13026 | Orc:2    | Noticed a sun demon
 13026 | Orc:2    | Killed an orc high priest
 13237 | Orc:2    | Noticed an orc high priest
 13239 | Orc:2    | Found Igat's General Store.
 13247 | Orc:2    | Killed an orc high priest
 13248 | Orc:2    | Gained mutation: You can use your snake-like lower body to
                  | constrict enemies. [Naga growth]
 13248 | Orc:2    | Reached XP level 13. HP: 118/118 MP: 13/13
 13254 | Orc:2    | Bought a potion of might for 52 gold pieces
 13473 | Orc:2    | Reached skill level 14 in Axes
 13616 | Orc:2    | Found Tufium's General Store.
 13720 | Orc:2    | Found Nucofoleth's Assorted Antiques.
 14231 | Orc:2    | Found a staircase to the Elven Halls.
 14731 | D:2      | Bought the +1 helmet of Unambiguity {*Corrode rElec rC+
                  | Slay+3} for 450 gold pieces
 14741 | D:2      | Bought a ring of fire for 300 gold pieces
 15083 | D:11     | Found a staircase to the Lair.
 15361 | D:11     | Identified the +11 hand axe of the Fox {flame, *Noise rF++
                  | Dex+3} (Trog gifted it to you on level 11 of the Dungeon)
 15361 | D:11     | Received a gift from Trog
 15579 | D:11     | Noticed TobyRickard's ghost (journeyman MiBe)
 15761 | D:11     | Found a runed translucent gate.
 15761 | D:11     | Found a runed translucent gate.
 15761 | D:11     | Found a runed translucent gate.
 15784 | D:11     | Killed TobyRickard's ghost
 16093 | Lair:1   | Entered Level 1 of the Lair of Beasts
 16163 | Lair:1   | Reached skill level 15 in Axes
 16407 | Lair:1   | Found a runed translucent door.
 16407 | Lair:1   | Found a shimmering altar of Xom.
 16407 | Lair:1   | Noticed ozjimbob's ghost (journeyman HOFi)
 16432 | Lair:1   | Killed ozjimbob's ghost
 16433 | Lair:1   | Reached XP level 14. HP: 113/129 MP: 14/14
 16859 | Lair:2   | Noticed Nergalle
 16864 | Lair:2   | Killed Nergalle
 17540 | Lair:3   | Found a staircase to the Snake Pit.
 17610 | Lair:3   | Found a staircase to the Shoals.
 17667 | Lair:3   | Reached skill level 10 in Fighting
 17684 | Lair:3   | Found a gate leading to a gauntlet.
 17693 | Gauntlet | Entered a Gauntlet
 17693 | Gauntlet | Found a transporter.
 17693 | Gauntlet | Found a transporter.
 17768 | Gauntlet | Found a transporter.
 17772 | Gauntlet | Found a transporter.
 17772 | Gauntlet | Found a transporter.
 17793 | Gauntlet | Found a transporter.
 17814 | Gauntlet | Found a transporter.
 17814 | Gauntlet | Found a transporter.
 17843 | Gauntlet | Found a transporter.
 17870 | Gauntlet | Found a transporter.
 17873 | Gauntlet | Found a transporter.
 17873 | Gauntlet | Found a transporter.
 17904 | Gauntlet | Identified the ring "Gibrim" {^Contam +Blink rN++ Will+
                  | SInv}
 18083 | Lair:3   | Identified the ring of the Doomed Lime {AC+4 SInv}
 18154 | Lair:3   | Received a gift from Trog
 18208 | Lair:3   | Noticed Amaemon
 18224 | Lair:3   | Killed Amaemon
 18225 | Lair:3   | Reached skill level 1 in Shapeshifting
 18449 | Lair:3   | Found a shimmering blue altar of Sif Muna.
 18483 | Lair:3   | Noticed Gastronok
 18500 | Lair:3   | Killed Gastronok
 18790 | Lair:4   | Reached skill level 16 in Axes
 18957 | Lair:4   | Noticed Nessos
 18969 | Lair:4   | Killed Nessos
 19468 | Lair:4   | Reached XP level 15. HP: 140/140 MP: 15/15
 19789 | Lair:5   | Entered Level 5 of the Lair of Beasts
 19986 | Lair:5   | Noticed Sonja
 20023 | Lair:5   | Killed Sonja
 20024 | Lair:5   | Reached skill level 10 in Armour
 20250 | Lair:5   | Received a gift from Trog
 21416 | Lair:5   | Found a staircase to the Slime Pits.
 22126 | Elf:1    | Entered Level 1 of the Elven Halls
 22200 | Elf:1    | Found Nulaidgha's Antique Armour Shop.
 22304 | Elf:1    | Noticed a deep elf sorcerer
 22312 | Elf:1    | Killed a deep elf sorcerer
 22316 | Elf:1    | Received a gift from Trog
 22323 | Elf:1    | Reached XP level 16. HP: 33/152 MP: 16/16
 22676 | Elf:1    | Reached skill level 17 in Axes
 23506 | Elf:1    | Got the Dissertation on Cooperative Bombardment
 23744 | Elf:1    | Received a gift from Trog
 24210 | Shoals:1 | Entered Level 1 of the Shoals
 24324 | Shoals:1 | Found a glacial archway.
 24350 | IceCv    | Entered an ice cave
 24886 | IceCv    | Noticed an Ice Fiend
 24894 | IceCv    | HP: 6/154 [Ice Fiend (16)]
 24894 | IceCv    | Mangled by an Ice Fiend

Illustrated notes

Levels and vault maps discovered:
D:1:      roadster_arrival_rocket_small, layout_loops_ring,
          hellmonk_ecumenical_altar_prayer_group, serial_shops,
          nicolae_shop_waterfront, nicolae_shop_rolling_square
D:2:      layout_loops_cross, serial_shops, shop, nicolae_shop_waterfront,
          nicolae_shop_real_fake_doors, shop
D:3:      layout_rooms, st_stairs_10
D:4:      layout_cave_pools, overflow_temple_1_default
D:5:      layout_loops_cross, kennysheep_little_box, minmay_temple_entry_ruins,
          serial_shops, nicolae_shop_just_a_little_nook,
          kennysheep_decorative_pillar
D:6:      layout_loops_corners, uniq_edmund
D:7:      layout_loops_corners, nicolae_overflow_two_pavilions, enter_bailey_6,
          biasface_ghost_orc_armoury, nicolae_shop_sticking_my_neck_out,
          uniq_prince_ribbit1
D:8:      layout_rooms, jmf_multi_god_temple, uniq_jeremiah, uniq_erica
D:9:      layout_roguey
D:10:     gammafunk_sealed_arena, layout_gridville, xom_confusion_cloud,
          evilmike_ruin_ashenzari, grunt_decor_clamped
D:11:     layout_loops_ring, due_lair_maze_entry_diamond, gammafunk_ghost_icy,
          billiards_dpeg
Temple:   zaba_magenta_temple
Lair:1:   layout_misc_corridors, ebering_ghost_xom
Lair:2:   layout_roguey, lemuel_fruit_fields, uniq_nergalle
Lair:3:   layout_regular_city, elwin_shoals_entry_rooms, dummy_snake_entry,
          basic_altar, gauntlet_entry_generic, infiniplex_staircase_pool,
          grunt_megastairs_3, uniq_amaemon, uniq_gastronok
Lair:4:   layout_gridlike, dreamdust_gnoll_shepherd, uniq_nessos
Lair:5:   due_jungle_book, layout_cave_pods, nicolae_slime_entry_field_trip,
          uniq_sonja
Shoals:1: layout_shoals, portal_ice_cave_entry_frozen_things,
          gammafunk_ghost_necromancy
Orc:1:    layout_caves, special_room [special_room_orc], basic_altar
Orc:2:    pubby_orc_utopia, uniq_maurice
Elf:1:    layout_loops_corners, serial_shops, shop, minmay_elf_sorcery
IceCv:    ice_cave_small_demon

Skill      XL: |  1  2  3  4  5  6  7  8  9 10 11 12 13 14 15 16 |
---------------+-------------------------------------------------+-----
Armour         | 2 3 4 5 6 7 8 9 10 11 | 11.3
Axes           | 4 5 6 7 9 10 12 13 15 16 17 | 17.3
Throwing       | 1 2 3 5 6 7 8 |  8.2
Shields        | 1 2 3 4 5 6 7 8 |  8.3
Fighting       | 4 5 6 7 8 9 10 11 12 | 12.5
Dodging        | 2 3 |  3.3
Evocations     | 2 3 4 5 6 7 8 9 |  9.4
Stealth        | 1 2 3 |  3.4
Shapeshifting  | 2 3 4 |  4.5

Action                     |  1- 3 |  4- 6 |  7- 9 | 10-12 | 13-15 | 16-18 || total
---------------------------+-------+-------+-------+-------+-------+-------++-------
  Melee: Hand axe          |   128 |    52 |       |       |   363 |   258 ||   801
         Punch             |     1 |       |     2 |     4 |       |       ||     7
         War axe           |       |    43 |   225 |   544 |   497 |       ||  1309
         Constrict         |       |       |       |       |   167 |    54 ||   221
  Throw: Javelin           |       |       |     1 |     4 |    12 |       ||    17
         Dart              |       |       |       |     4 |     2 |     2 ||     8
 Invoke: Berserk           |       |     1 |     3 |    10 |     1 |       ||    15
         Trog's Hand       |       |       |       |     2 |     8 |     1 ||    11
         Brothers in Arms  |       |       |       |     2 |     1 |     2 ||     5
Ability: Spit Poison       |    19 |     9 |     6 |    10 |     4 |       ||    48
  Evoke: Wand              |       |       |       |     4 |     2 |       ||     6
    Use: Scroll            |       |     3 |     8 |     4 |     9 |     1 ||    25
         Potion            |       |       |       |       |     4 |     4 ||     8
 Armour: Animal skin       |    21 |       |       |       |       |       ||    21
         Ring mail         |    65 |    67 |    23 |       |       |       ||   155
         Chain mail        |       |       |   163 |   531 |   649 |   231 ||  1574
  Dodge: Dodged            |    57 |    73 |   134 |   245 |   278 |    79 ||   866
  Block: Buckler           |       |       |       |       |       |    10 ||    10
